[Event "Early-Titled-Tuesday-Blitz-September-12-2023"]
[Site "Chess.com"]
[Date "2023.09.12"]
[Round "7"]
[White "AsselLesbekova"]
[Black "Cambek64"]
[Result "1-0"]
[WhiteElo "2349"]
[BlackElo "2495"]
[TimeControl "180+1"]
[EndTime "9:20:00 PDT"]
[Termination "AsselLesbekova won on time"]

1. e4 Nf6 2. e5 Nd5 3. d4 d6 4. f4 dxe5 5. fxe5 Nc6 6. c3 Bf5 7. Bd3 Qd7 8. Nf3 Bxd3 9. Qxd3 e6 10. O-O Be7 11. Bg5 O-O 12. Nbd2 Rad8 13. Rad1 h6 14. Bxe7 Qxe7 15. Ne4 Nf4 16. Qd2 Ng6 17. Qe2 b6 18. Qe3 Na5 19. Nf6+ Kh8 20. Ng4 Nc4 21. Qc1 Kh7 22. b3 Na5 23. Qe3 c5 24. dxc5 Qxc5 25. Qxc5 bxc5 26. Rd6 Rxd6 27. exd6 Rd8 28. Rd1 f6 29.
Nf2 Nb7 30. d7 Nf8 31. b4 cxb4 32. cxb4 Rxd7 33. Rc1 e5 34. h3 Ne6 35. Rc6 Nf4 36.
Ra6 Nd6 37. Kh2 h5 38. Nd2 Nf5 39. Nde4 h4 40. Rxf6 gxf6 41. Nxf6+ Kg6 42. Nxd7 Nd5 43. Nxe5+ Kf6 44. Neg4+ Ke6 45. a3 Nd4 46. Nd3 Nc2 47.
a4 Ncxb4 48. Nxb4 Nxb4 49. g3 a5 50. gxh4 Na6 51. h5 Nc5 52. h6 Kf7 53. Ne5+ Kg8 54. Kg3 Kh7 55. Nc4 Nxa4 56. Nxa5 Kxh6 57. Nc4 Nc5 58.
Ne3 Ne6 59. Kg4 Ng7 60. h4 Kg6 61. Ng2 Kh6 62. Nf4 Kh7 63. Kg5 Ne8 64. h5 Kg7 65. h6+ Kh7 66. Nh5 Kh8 67. Kg6 Nd6 68. Ng3 Ne8 69. Ne4 Kg8 70. Ng5 1-0

[Event "Early-Titled-Tuesday-Blitz-September-12-2023"]
[Site "Chess.com"]
[Date "2023.09.12"]
[Round "7"]
[White "Aradhya2000"]
[Black "Mikedannnn"]
[Result "1/2-1/2"]
[WhiteElo "2694"]
[BlackElo "2561"]
[TimeControl "180+1"]
[EndTime "9:20:02 PDT"]
[Termination "Game drawn - insufficient material"]

1. d4 c5 2. d5 g6 3. e4 Bg7 4.
Nf3 d6 5. Bb5+ Bd7 6. a4 Nf6 7. Nc3 O-O 8. O-O Bxb5 9. axb5 Nbd7 10. h3 Ne8 11. Bg5 h6 12. Bf4 Nc7 13. Qd2 Kh7 14. Rfe1 Nb6 15. b3 Qd7 16. Ra5 a6 17. bxa6 Rxa6 18. Rxa6 bxa6 19. e5 Nb5 20. e6 fxe6 21. Nxb5 Nxd5 22. Bg3 axb5 23. Qe2 e5 24. h4 Nf4 25. Qd2 b4 26. Nxe5 Qf5 27. Bxf4 Qxf4 28. Qxf4 Rxf4 29. Nd3 Rf7 30. Re6 Bd4 31. g4 Kg7 32.
Kg2 g5 33. h5 Kf8 34. Rxh6 Ke8 35. Rg6 Bf6 36. f4 gxf4 37. Nxf4 Bd4 38. Nd3 Rg7 39.
Rxg7 Bxg7 40. g5 Kf7 41. Kf3 e5 42. Kg4 e4 43. Nf4 Be5 44. Kf5 e3 45. Ne2 Bd4 46. h6 d5 47. g6+ Kg8 48. Kf4 Bf6 49. Kf5 Bb2 50. Kf4 Bf6 51. Kf5 Bb2 52. Ke6 d4 53. Kd5 Bc3 54. Kxc5 d3 55. cxd3 Bf6 56. Kxb4 Bg5 57.
h7+ Kg7 58. Kc4 Bf6 59. b4 Kxg6 60. b5 Kxh7 61. b6 Kg6 62. b7 Be5 63. d4 Bc7 64.
Kd5 Kf5 65. Kc6 Bh2 66. Kd7 Ke4 67. Kc8 Kd3 68. b8=Q Bxb8 69. Kxb8 Kxe2 70. d5 Kf3 71. d6 e2 72. d7 e1=Q 73. d8=Q Qb4+ 74. Kc8 Qc4+ 75.
Kb8 Qb3+ 76. Kc8 Qc2+ 77. Kb8 Qe4 78. Qf6+ Qf4+ 79. Qxf4+ Kxf4 1/2-1/2

[Event "Early-Titled-Tuesday-Blitz-September-12-2023"]
[Site "Chess.com"]
[Date "2023.09.12"]
[Round "7"]
[White "Ermito2020"]
[Black "AlexPapasimakopoulos"]
[Result "0-1"]
[WhiteElo "2579"]
[BlackElo "2774"]
[TimeControl "180+1"]
[EndTime "9:20:08 PDT"]
[Termination "AlexPapasimakopoulos won on time"]

1. e4 e6 2. d4 d5 3. e5 a6 4. Nf3 Bd7 5. a4 c5 6. c3 Nc6 7. Be2 Nge7 8. O-O Nf5 9. Na3 cxd4 10.
cxd4 Nh4 11. Nxh4 Qxh4 12. Nc2 Rc8 13. f4 g6 14. Bd2 h5 15. b4 Qd8 16. b5 Na5 17. bxa6 bxa6 18. Bxa6 Ra8 19. Bb5 Nc4 20. Qe2 Bxb5 21. axb5 Rb8 22. Rfb1 Be7 23. Bb4 O-O 24.
Bxe7 Qxe7 25. Ne3 Rfc8 26. Nxc4 Rxc4 27. Qd3 Qc7 28. h3 h4 29. Kh2 Rc3 30. Qd1 Kg7 31.
Qg4 Qe7 32. b6 Rc6 33. Ra7 Rb7 34. Rxb7 Qxb7 35. Qxh4 Rxb6 36. Qf6+ Kh7 37. Rf1 Rb3 38. h4 Rd3 39. h5 gxh5 40. f5 Rxd4 41. fxe6 fxe6 42.
Qxe6 Rh4+ 43. Kg3 Rg4+ 44. Kh3 Rg7 45. Qf5+ Kh6 46. Qf4+ Kh7 47. Kh2 d4 48. Rf2 Qd7 49. Qe4+ Kh6 50. e6 Qd6+ 51. Kg1 Qe7 52. Qxd4 Qxe6 53.
Rf6+ Qxf6 54. Qxf6+ Rg6 55. Qf4+ Kg7 56. Kh2 Rg4 57. Qf5 Kh6 58. Kh3 Rg5 59. Qf6+ Rg6 60. Qf4+ Kg7 61. Qf5 Kh6 62. g3 Rg4 63. Qf6+ Kh7 64.
Qf7+ Kh6 65. Qe6+ Kg5 66. Qe5+ Kg6 67. Kg2 Rg5 68. Qe6+ Kg7 69. Kf3 Rg4 70. Qe7+ Kg6 71. Qe8+ Kh6 72. Qe5 Kg6 73. Qe6+ Kg7 74. Qd6 Kh7 75. Qf6 Rg6 76. Qh4 Kh6 77. Qg4 Rxg4 0-1

[Event "Early-Titled-Tuesday-Blitz-September-12-2023"]
[Site "Chess.com"]
[Date "2023.09.12"]
[Round "7"]
[White "TERMINATOR_PC"]
[Black "alexrustemov"]
[Result "1-0"]
[WhiteElo "2540"]
[BlackElo "2843"]
[TimeControl "180+1"]
[EndTime "9:20:09 PDT"]
[Termination "TERMINATOR_PC won on time"]

1. e4 e6 2. d4 d5 3. Nc3 dxe4 4. Nxe4 Bd7 5. Nf3 Bc6 6. Bd3 Nd7 7. O-O Ngf6 8.
Nxf6+ Qxf6 9. c3 Bxf3 10. Qxf3 Qxf3 11. gxf3 Be7 12. f4 g6 13. Be3 c6 14. Kg2 Nf6 15. Kf3 O-O 16. Rad1 Rfd8 17. Rfe1 Rd7 18. Rg1 Rad8 19. f5 exf5 20. Bxf5 Rd5 21. Bc2 Rh5 22. Rg2 Nd5 23. Bc1 Bd6 24. Rh1 Re8 25. a3 f5 26.
h3 Kg7 27. Bg5 h6 28. Bc1 Kf6 29. h4 b5 30. Rgg1 Kf7 31. Bd1 Re4 32. Kg2 Rhxh4 33. Bf3 Rxh1 34. Rxh1 Re7 35. Bxh6 Kf6 36. Bd2 Kg7 37.
Bh6+ Kg8 38. Bg5 Rh7 39. Rxh7 Kxh7 40. Bd8 Kg7 41. Kf1 Kf7 42. Ke2 Ke6 43. Bg5 a5 44.
Kd3 a4 45. c4 bxc4+ 46. Kxc4 Nb6+ 47. Kd3 Kd7 48. Bd1 Be7 49. Bd2 g5 50. Ba5 Bd8 51. Bxb6 Bxb6 52. Bxa4 Kd6 53. Kc4 g4 54. Bc2 f4 55.
Bf5 g3 56. fxg3 fxg3 57. Be4 c5 58. dxc5+ Bxc5 59. b4 Be3 60. Kb5 Bd2 61. a4 Kc7 62.
Bg2 Kb8 63. Kc5 Ka7 64. a5 Be3+ 65. Kb5 Bd2 66. Ka4 Be1 67. Kb3 Bd2 68. Kc4 Be1 69. Kc5 Bf2+ 70. Kb5 Be1 71. Ka4 Bd2 72. b5 Be3 73. Bf1 Bf2 74. Kb4 Be1+ 75. Ka4 Bf2 76.
Kb3 Be1 77. b6+ Kb7 78. Ka4 Kc6 79. Bg2+ 1-0

[Event "Early-Titled-Tuesday-Blitz-September-12-2023"]
[Site "Chess.com"]
[Date "2023.09.12"]
[Round "7"]
[White "TigrVShlyape"]
[Black "splendidkid"]
[Result "1/2-1/2"]
[WhiteElo "2944"]
[BlackElo "2774"]
[TimeControl "180+1"]
[EndTime "9:20:19 PDT"]
[Termination "Game drawn - insufficient material"]

1. d4 Nf6 2. Bf4 g6 3. Nf3 Bg7 4. c3 O-O 5. h3 d6 6. e3 b6 7. Nbd2 Bb7 8. Bc4 Nbd7 9. O-O a6 10.
a4 c5 11. Re1 Qc7 12. Bd3 Rfe8 13. e4 Nh5 14. Bh2 e5 15. dxe5 Nxe5 16. Bxe5 Bxe5 17. Nc4 Bg7 18. Qb3 Nf4 19. Bf1 Bxe4 20. Qxb6 Qxb6 21. Nxb6 Rab8 22. a5 Bb7 23. Nd2 d5 24. g3 Ne6 25. Bg2 Red8 26. Rad1 h5 27. h4 d4 28. Bxb7 Rxb7 29. Ndc4 Rc7 30. Rd3 Kh7 31. Red1 Bf6 32. Kg2 Kg7 33. Na4 Rb8 34. Nab6 Re8 35. Rf3 Rc6 36.
Nd5 Nc7 37. Nxf6 Rxf6 38. Rxf6 Kxf6 39. cxd4 cxd4 40. Rxd4 Nb5 41. Rd5 Re2 42. b3 Ra2 43. Rc5 Kg7 44. Rc6 Nd4 45. Rxa6 Nxb3 46. Ra7 Nc5 47. Nd6 Kf6 48. Nxf7 Nd3 49. Ng5 Rxf2+ 50. Kg1 Ra2 51. a6 Kf5 52. Rd7 Ne5 53. Rd5 Rxa6 54.
Kg2 Ra2+ 55. Kh3 Kf6 56. Rd6+ Kf5 57. Rd5 Kf6 58. Ne4+ Ke6 59. Rd2 Rxd2 60. Nxd2 Kf5 61. Kg2 Ng4 62. Kf3 Ne5+ 63. Kf2 Ng4+ 64. Ke2 Nf6 65.
Kf3 Ng4 66. Nc4 g5 67. hxg5 Kxg5 68. Nd6 Nh2+ 69. Kg2 Ng4 70. Ne4+ Kf5 71. Nd2 Ne3+ 72. Kf3 Ng4 73. Nc4 Nh2+ 74. Kg2 Ng4 75. Kh3 Kg5 76.
Nd2 Nf2+ 77. Kg2 Ng4 78. Kh3 Nf2+ 79. Kg2 Nd3 80. Kh3 Kg6 81. Kh4 Ne5 82. Kh3 Kf5 83.
Kh4 Kg6 84. Kh3 Kg5 85. Ne4+ Kf5 86. Nf2 Ng6 87. g4+ Kg5 88. Ne4+ Kh6 89. g5+ Kg7 90. Nf6 Nf4+ 91. Kh4 Ne6 92. Nxh5+ Kg6 93. Kg4 Nxg5 1/2-1/2

[Event "Early-Titled-Tuesday-Blitz-September-12-2023"]
[Site "Chess.com"]
[Date "2023.09.12"]
[Round "7"]
[White "Payyappat"]
[Black "play1ngtheangel"]
[Result "1/2-1/2"]
[WhiteElo "2496"]
[BlackElo "2643"]
[TimeControl "180+1"]
[EndTime "9:20:38 PDT"]
[Termination "Game drawn - insufficient material"]

1. e4 c5 2. Nf3 d6 3. d4 cxd4 4. Nxd4 Nf6 5. Nc3 a6 6. h4 e5 7. Nb3 Be6 8. f4 Nc6 9. f5 Bxb3 10. axb3 Be7 11. g4 Rc8 12. g5 Nd7 13. Nd5 Nc5 14. Bg2 h6 15. Qh5 Nd4 16. O-O Nxc2 17. f6 gxf6 18. g6 Nxa1 19. gxf7+ Kd7 20. Bh3+ Kc6 21.
Bxc8 Bf8 22. Qf5 Naxb3 23. Be3 Nd4 24. Bxd4 exd4 25. Rc1 d3 26. Kf1 d2 27. Rd1 Bg7 28.
Rxd2 Rf8 29. Rc2 Rxf7 30. b4 b6 31. bxc5 bxc5 32. Bxa6 Ra7 33. Qc8+ Qxc8 34. Bxc8 h5 35. Kg2 Ra3 36. Bf5 Ra1 37. Nf4 Bh6 38. Nxh5 d5 39.
Nxf6 d4 40. e5 Re1 41. e6 d3 42. Bxd3 Rxe6 43. Ne4 Be3 44. Kf3 Bd4 45. Bc4 Rh6 46.
Kg4 Rh8 47. h5 Kb6 48. Kg5 Ka5 49. h6 Be3+ 50. Kf5 Rxh6 51. Ra2+ Kb4 52. Bd5 c4 53. Rc2 Rh5+ 54. Ke6 Rh6+ 55. Ke5 Rh5+ 56. Kd6 Rh6+ 57. Ke5 Rh5+ 58. Ke6 c3 59. Rxc3 Rh6+ 60. Ke5 Rh5+ 61. Ke6 Rh6+ 62. Kd7 Bf4 63. Rc4+ Ka3 64. Be6 Rh7+ 65.
Kc6 Rc7+ 66. Kd5 Rxc4 67. Kxc4 Kb2 68. Nc3 Ka1 69. Nd1 Bg5 70. Kd3 Bf6 71. Kc2 Bd4 72. Kb3 Kb1 73. Bf5+ Ka1 74. Kc4 Ba7 75. Nc3 Bg1 76. Kb3 Bh2 77. Na4 Bg1 78. Nb2 Bd4 79. Nd1 Ba7 80. Nc3 Bd4 81. Nb5 Be5 82. Na3 Bf6 83. Nc4 Be5 84. Nd2 Bf6 85. Be6 Be7 86. Kc2 Bg5 87. Ne4 Bh6 88. Nc5 Bg7 89. Nd3 Bf8 90.
Kb3 Bg7 91. Bf5 Bh6 92. Ka3 Kb1 93. Kb3 Bg7 94. Nf2+ Kc1 95. Be4 Kd2 96. Ng4 Ke1 97.
Bd3 Bf8 98. Kc4 Bd6 99. Ne3 Bb8 100. Nc2+ Kf2 101. Nd4 Ke1 102. Nb5 Kd2 103. Nc3 Kc1 104. Nd5 Kb2 105. Be4 Be5 106. Kc5 Bg7 107. Nb4 Bh8 108. Nc6 Ka1 109. Kd5 Bg7 110. Ke6 Bh8 111. Nb4 Bc3 112. Kd5 Bxb4 1/2-1/2

[Event "Early-Titled-Tuesday-Blitz-September-12-2023"]
[Site "Chess.com"]
[Date "2023.09.12"]
[Round "7"]
[White "seopie"]
[Black "BlitzWizard04"]
[Result "1-0"]
[WhiteElo "2837"]
[BlackElo "2623"]
[TimeControl "180+1"]
[EndTime "9:21:08 PDT"]
[Termination "seopie won by resignation"]

1. d4 Nf6 2. c4 e6 3. Nf3 b6 4. g3 Bb7 5. Bg2 Be7 6. O-O O-O 7.
Re1 d5 8. cxd5 exd5 9. Nc3 Nbd7 10. Bf4 c5 11. Rc1 a6 12. e3 Ne4 13. h4 h6 14. dxc5 Ndxc5 15. Be5 Bf6 16. Bd4 Bxd4 17. exd4 Nxc3 18. Rxc3 Ne4 19. Rc1 Qd6 20. Ne5 Rac8 21.
Qb3 Rc7 22. Rxc7 Qxc7 23. Nd3 Rc8 24. Rc1 Qd6 25. Rxc8+ Bxc8 26. Nf4 Be6 27. Qc2 Nf6 28. a3 g5 29. hxg5 hxg5 30. Ne2 Kg7 31. Qd2 Kg6 32. Nc1 Ne4 33. Qe3 Bf5 34. Nd3 f6 35. Nb4 g4 36.
Nd3 Qc6 37. Nf4+ Kf7 38. Bf1 b5 39. Bd3 Qd7 40. Kg2 Ng5 41. Bxf5 Qxf5 42. Qc3 Qe4+ 43. Kf1 Qh1+ 44. Ke2 Qe4+ 45. Kd1 Ne6 46. Nxe6 Kxe6 47. Qc6+ Kf7 48. Qc7+ Kg6 49. Qc3 a5 50. Kd2 Qf5 51. Qe3 Kf7 52. Ke2 b4 53. axb4 axb4 54. Qd2 Qf3+ 55.
Ke1 b3 56. Qe3 Qf5 57. Ke2 Qc2+ 58. Qd2 Qc4+ 59. Ke3 f5 60. Qa5 Qc1+ 61. Kd3 Qc2+ 62. Ke3 Qe4+ 63. Kd2 Qxd4+ 64. Ke1 Qe5+ 65. Kf1 Ke6 66.
Qb6+ Kd7 67. Qxb3 Qe4 68. Qd1 Qc4+ 69. Ke1 Kd6 70. Qd2 d4 71. Kd1 Qf1+ 72. Kc2 Qc4+ 73. Kd1 Qf1+ 74. Kc2 Kd5 75. Qf4 Qe2+ 76. Kc1 Qe1+ 77.
Kc2 Qe4+ 78. Kd2 Kc4 79. Qc7+ Kb3 80. Qb6+ Ka2 81. b4 Qb1 82. Qxd4 Qf1 83. Kc3 Qc1+ 84.
Kd3 Qb1+ 85. Ke3 Qe1+ 86. Kd3 Qf1+ 87. Ke3 Qe1+ 88. Kf4 Qe6 89. Qe5 Qc4+ 90. Kxf5 Qxb4 91. Qe6+ Ka1 92. Qe5+ Ka2 93. Qe2+ Ka1 94. Qd1+ Ka2 95.
Qe2+ Ka1 96. Qxg4 Qc5+ 97. Kg6 Qxf2 98. Qg5 Qc2+ 99. Qf5 Qc6+ 100. Kh5 Qh1+ 101. Kg5 Qc1+ 102. Qf4 Qc5+ 103. Kh4 Qe7+ 104. Qg5 Qh7+ 105. Kg4 Qe4+ 106. Qf4 Qe6+ 107. Qf5 Qe2+ 108. Kg5 Qe3+ 109. Qf4 Qe7+ 110. Qf6+ 1-0

[Event "Early-Titled-Tuesday-Blitz-September-12-2023"]
[Site "Chess.com"]
[Date "2023.09.12"]
[Round "8"]
[White "parintele_chess"]
[Black "DvaHrasta"]
[Result "0-1"]
[WhiteElo "2259"]
[BlackElo "2487"]
[TimeControl "180+1"]
[EndTime "9:24:36 PDT"]
[Termination "DvaHrasta won by resignation"]

1. d4 Nf6 2. Bf4 d5 3. Nf3 e6 4. e3 Bd6 5. Nbd2 O-O 6. Bg3 b6 7. Bd3 c5 8. c3 Ba6 9. Bxa6 Nxa6 10. Qa4 Nc7 11. Ne5 b5 12. Qd1 Bxe5 13. Bxe5 c4 14. f4 a5 15. O-O b4 16. g4 Nb5 17. Qc2 Nxg4 18. h3 Nxe3 19. Qa4 bxc3 20. Qxb5 cxd2 21. Rad1 Qh4 22. Rxd2 Qg3+ 23. Kh1 Nxf1 0-1

[Event "Early-Titled-Tuesday-Blitz-September-12-2023"]
[Site "Chess.com"]
[Date "2023.09.12"]
[Round "8"]
[White "Sleepless_Knightmare"]
[Black "AliKa2810"]
[Result "0-1"]
[WhiteElo "2418"]
[BlackElo "2566"]
[TimeControl "180+1"]
[EndTime "9:24:42 PDT"]
[Termination "AliKa2810 won by resignation"]

1. e4 e6 2. d4 d5 3. Nc3 Nf6 4. e5 Nfd7 5. f4 c5 6. Nf3 Nc6 7. Be3 b6 8. Qd2 Bb7 9. h4 Be7 10. h5 h6 11. g4 cxd4 12. Bxd4 Nc5 13. Bd3 Rc8 14. O-O Ne4 15. Nxe4 dxe4 16. Bxe4 Nxd4 17.
Nxd4 Bxe4 18. f5 Rxc2 0-1

[Event "Early-Titled-Tuesday-Blitz-September-12-2023"]
[Site "Chess.com"]
[Date "2023.09.12"]
[Round "8"]
[White "Ishowmoves57"]
[Black "ljm509"]
[Result "0-1"]
[WhiteElo "2116"]
[BlackElo "2345"]
[TimeControl "180+1"]
[EndTime "9:25:12 PDT"]
[Termination "ljm509 won by checkmate"]

1. e4 e6 2. d4 d5 3. Bd3 dxe4 4.
Bxe4 Nf6 5. Bf3 Be7 6. Ne2 O-O 7.
O-O c5 8. Be3 Qc7 9. dxc5 Bxc5 10. Bxc5 Qxc5 11. Qd4 Qxc2 12. Rc1 Qf5 13. Rxc8 Rxc8 14.
Bxb7 Nc6 15. Qe3 Qa5 16. Nbc3 Nb4 17. Rd1 Rd8 18. Bxa8 Rxd1+ 19. Nxd1 Nbd5 20. Bxd5 Qe1# 0-1

[Event "Early-Titled-Tuesday-Blitz-September-12-2023"]
[Site "Chess.com"]
[Date "2023.09.12"]
[Round "8"]
[White "RobertoJBM"]
[Black "ozates"]
[Result "1/2-1/2"]
[WhiteElo "2802"]
[BlackElo "2563"]
[TimeControl "180+1"]
[EndTime "9:25:18 PDT"]
[Termination "Game drawn by repetition"]

1. d4 Nf6 2. c4 e6 3. Nf3 d5 4.
Nc3 c5 5. cxd5 Nxd5 6. e4 Nxc3 7. bxc3 cxd4 8. cxd4 Bb4+ 9. Bd2 Bxd2+ 10. Qxd2 O-O 11.
Bc4 Nd7 12. O-O b6 13. Rfe1 Bb7 14. Rad1 Qe7 15. d5 exd5 16. exd5 Qf6 17. Qd4 Rac8 18.
Bb5 Rfd8 19. Bxd7 Rxd7 20. Qxf6 gxf6 21. d6 Rcd8 22. Nh4 h5 23. Nf5 Kh7 24. Re7 Kg6 25.
Rxd7 Rxd7 26. Ne7+ Kh7 27. f4 Be4 28. Kf2 f5 29. g3 Kg7 30. Ke3 Kf6 31. Nd5+ Bxd5 32.
Rxd5 Ke6 33. Re5+ Kf6 34. Rd5 Ke6 35. Re5+ Kf6 36. Rd5 1/2-1/2

[Event "Early-Titled-Tuesday-Blitz-September-12-2023"]
[Site "Chess.com"]
[Date "2023.09.12"]
[Round "8"]
[White "giomar27"]
[Black "Mariia89"]
[Result "0-1"]
[WhiteElo "2243"]
[BlackElo "2002"]
[TimeControl "180+1"]
[EndTime "9:25:18 PDT"]
[Termination "Mariia89 won by checkmate"]

1. e4 c6 2. d4 d5 3. e5 Bf5 4. h4 h5 5. Bd3 Bxd3 6. Qxd3 e6 7. Bg5 Be7 8. Bxe7 Nxe7 9. Nf3 Nf5 10.
Nbd2 a6 11. a4 c5 12. dxc5 Qa5 13. Nd4 Ne7 14. Nb3 Qb4 15. c3 Qg4 16. Qd4 Qxg2 17.
O-O-O Nbc6 18. Qe3 Nf5 19. Qe2 Qg4 20. Qxg4 hxg4 21.
Rdg1 Rxh4 22. Rxh4 Nxh4 23. Rxg4 Nf5 24. f4 O-O-O 25.
Nd4 Ncxd4 26. cxd4 g6 27. Nf3 Rh8 28. Ng5 Rh1+ 29.
Kd2 Rh2+ 30. Kc3 Rh3+ 31. Kb4 Nxd4 32. Nxf7 Rb3+ 33. Ka5 Nc6# 0-1

[Event "Early-Titled-Tuesday-Blitz-September-12-2023"]
[Site "Chess.com"]
[Date "2023.09.12"]
[Round "8"]
[White "Zavgorodniy_Sergiy"]
[Black "djano"]
[Result "0-1"]
[WhiteElo "2526"]
[BlackElo "2646"]
[TimeControl "180+1"]
[EndTime "9:25:29 PDT"]
[Termination "djano won by checkmate"]

1. d4 d5 2. c4 e6 3. Nf3 c5 4.
dxc5 Bxc5 5. e3 Nf6 6. a3 Nc6 7. b4 Bd6 8. Bb2 O-O 9. Nbd2 a5 10. b5 Ne7 11. Be2 b6 12. O-O Bb7 13. Rc1 Ng6 14. cxd5 Bxd5 15. Nc4 Bc7 16. Nd4 Ne4 17. Bf3 Nh4 18. Bxe4 Bxe4 19. Qg4 f5 20. Qe2 Nxg2 21. Nxe6 Bxh2+ 22. Kxh2 Qh4+ 23. Kg1 Nf4 24. f3 Nxe2+ 25. Kg2 Qg3+ 26. Kh1 Qh3# 0-1

[Event "Early-Titled-Tuesday-Blitz-September-12-2023"]
[Site "Chess.com"]
[Date "2023.09.12"]
[Round "8"]
[White "Orest_Vovk"]
[Black "assezde36"]
[Result "0-1"]
[WhiteElo "2564"]
[BlackElo "2819"]
[TimeControl "180+1"]
[EndTime "9:25:31 PDT"]
[Termination "assezde36 won by resignation"]

1. g4 d5 2. h3 e5 3. Bg2 Be6 4.
d4 exd4 5. Qxd4 Nc6 6. Qa4 Nf6 7. c4 Bb4+ 8. Bd2 a5 9. a3 Bxd2+ 10. Nxd2 O-O 11.
g5 Nd7 12. Bxd5 Nb6 13. Qc2 Nxd5 14. cxd5 Bxd5 15. Ngf3 Nd4 16. Qd3 Nxf3+ 17. Nxf3 Bxf3 18. Qxf3 Qxg5 19. Qxb7 Rab8 20. Qxc7 Rfc8 21. Qg3 Rc1+ 0-1

[Event "Early-Titled-Tuesday-Blitz-September-12-2023"]
[Site "Chess.com"]
[Date "2023.09.12"]
[Round "8"]
[White "Mesa_1"]
[Black "Srisshhhtea"]
[Result "1-0"]
[WhiteElo "2602"]
[BlackElo "2422"]
[TimeControl "180+1"]
[EndTime "9:25:42 PDT"]
[Termination "Mesa_1 won by resignation"]

1. d4 Nf6 2. Nc3 d5 3. Bf4 g6 4. e3 Bg7 5. h4 h5 6. Nf3 O-O 7. Qd2 c5 8. Ne5 cxd4 9. exd4 Nc6 10. f3 Qa5 11. O-O-O Bf5 12. Kb1 Rfc8 13. a3 a6 14. g4 hxg4 15. h5 gxf3 16. hxg6 fxg6 17. Bd3 Ne4 18.
Bxe4 dxe4 19. Qh2 Nxe5 20. Bxe5 Bxe5 21. dxe5 Rc4 22. Qh8+ 1-0

[Event "Early-Titled-Tuesday-Blitz-September-12-2023"]
[Site "Chess.com"]
[Date "2023.09.12"]
[Round "8"]
[White "santosalberto1987"]
[Black "WaybackBoy"]
[Result "0-1"]
[WhiteElo "2544"]
[BlackElo "2704"]
[TimeControl "180+1"]
[EndTime "9:25:45 PDT"]
[Termination "WaybackBoy won by resignation"]

1. e4 c5 2. Nf3 d6 3. Bb5+ Nd7 4.
d4 cxd4 5. Qxd4 a6 6. Bxd7+ Bxd7 7. Nc3 e5 8. Qd3 h6 9. Nd2 b5 10. Nd5 Nf6 11. Nxf6+ Qxf6 12. Nf1 Bc6 13. Ne3 Qg6 14. Nd5 Qxg2 15. Rf1 Rc8 16. Be3 Qf3 17. Rg1 Bxd5 18. Qxd5 Rxc2 19. Qa8+ Ke7 20. Kf1 Rc4 21. Qxa6 Qxe4 22.
Qxb5 Qd3+ 23. Ke1 Rc1+ 24. Rxc1 Qxb5 25. b3 Kd7 26. Rg4 d5 27. Ra4 Bb4+ 28. Bd2 Bxd2+ 29. Kxd2 Qb6 0-1

[Event "Early-Titled-Tuesday-Blitz-September-12-2023"]
[Site "Chess.com"]
[Date "2023.09.12"]
[Round "8"]
[White "Korchmar_Vasiliy"]
[Black "nihalsarin"]
[Result "0-1"]
[WhiteElo "2723"]
[BlackElo "3103"]
[TimeControl "180+1"]
[EndTime "9:25:51 PDT"]
[Termination "nihalsarin won on time"]

1. e4 a6 2. d4 c6 3. Bd3 d5 4. e5 c5 5. dxc5 Nc6 6. Qe2 Nh6 7. Bxh6 gxh6 8. h3 Bg7 9. Nf3 Qa5+ 10. Nbd2 Qxc5 11. O-O Qb6 12. c4 Be6 13. cxd5 Bxd5 14. Bc4 Bxc4 15. Nxc4 Qb5 16. e6 Kf8 17. exf7 Kxf7 18.
Rfe1 Rhd8 19. Qe6+ Kf8 20. Nfe5 Nxe5 21. Nxe5 Qd5 22. Qf5+ Kg8 23. Rad1 Qxa2 24. Rd7 Rxd7 25. Qxd7 Rf8 26. Qxb7 Qe6 27. Qe4 Kh8 28. b3 Qxb3 29.
Nf3 a5 30. Qe6 a4 31. Qxe7 a3 32. Re3 Qb1+ 33. Re1 a2 0-1

[Event "Early-Titled-Tuesday-Blitz-September-12-2023"]
[Site "Chess.com"]
[Date "2023.09.12"]
[Round "8"]
[White "Vesper2018"]
[Black "stollenmonster"]
[Result "1-0"]
[WhiteElo "2618"]
[BlackElo "2808"]
[TimeControl "180+1"]
[EndTime "9:26:07 PDT"]
[Termination "Vesper2018 won by resignation"]

1. e4 c5 2. Nc3 Nc6 3. Bb5 g6 4. Bxc6 dxc6 5. d3 e5 6. f4 exf4 7. Bxf4 Bg7 8. Qd2 h6 9. Nf3 Ne7 10. h4 Bg4 11. Ne5 Be6 12. O-O-O Qa5 13. Kb1 b5 14. Nd5 b4 15. Nc4 Qd8 16. Nc7+ Kf8 17. Nxa8 Qxa8 18. Bd6 Bd4 19. e5 Qb7 20. Ka1 Qa6 21. c3 bxc3 22. bxc3 Kg7 23. cxd4 Nf5 24. Bxc5 Rd8 25. Qf2 Bxc4 26. dxc4 Qxc4 27. g4 Ra8 1-0

[Event "Early-Titled-Tuesday-Blitz-September-12-2023"]
[Site "Chess.com"]
[Date "2023.09.12"]
[Round "8"]
[White "lachesisQ"]
[Black "artin10862"]
[Result "1-0"]
[WhiteElo "3082"]
[BlackElo "2945"]
[TimeControl "180+1"]
[EndTime "9:26:20 PDT"]
[Termination "lachesisQ won by resignation"]

1. e4 c5 2. c3 Nf6 3. e5 Nd5 4. d4 cxd4 5. Nf3 Nc6 6. Bc4 Nb6 7. Bb3 d5 8. exd6 Qxd6 9. O-O Be6 10. Bxe6 Qxe6 11.
a4 Rd8 12. a5 dxc3 13. Qc2 Nd5 14. a6 bxa6 15. Nxc3 Ndb4 16. Qa4 g6 17. Re1 Qd7 18.
Bg5 f6 19. Bxf6 Rg8 20. Rad1 Qc7 21. Qb3 Rxd1 22. Nxd1 Rg7 23. Bxg7 Bxg7 24. Qg8+ Bf8 25. Qxh7 Qd6 26. Nc3 Qf6 27. Ne4 Qf7 28. Nd6+ 1-0

[Event "Early-Titled-Tuesday-Blitz-September-12-2023"]
[Site "Chess.com"]
[Date "2023.09.12"]
[Round "8"]
[White "lrestevez"]
[Black "Happy1712Drummer"]
[Result "0-1"]
[WhiteElo "2138"]
[BlackElo "2356"]
[TimeControl "180+1"]
[EndTime "9:26:27 PDT"]
[Termination "Happy1712Drummer won by resignation"]

1. e4 c5 2. Nf3 d6 3. d4 cxd4 4. c3 Nf6 5. Bd3 dxc3 6. Nxc3 g6 7. Qe2 Bg7 8. O-O O-O 9. h3 Nc6 10. Rd1 Bd7 11. Be3 Qa5 12. Rac1 Ne5 13. Bc2 Nxf3+ 14.
Qxf3 Be6 15. a3 Rfc8 16. Qe2 Bc4 17. Bd3 Bxd3 18. Qxd3 Nd7 19. Bd4 Bxd4 20. Qxd4 Qb6 21. Qxb6 Nxb6 22. Nb5 a6 23. Nc7 Rab8 24. Nd5 Nxd5 25.
exd5 Kf8 26. Kf1 Ke8 27. Ke2 Kd7 28. Kd3 Rxc1 29. Rxc1 Rc8 30. Rd1 Rc5 31. Ke2 Rc2+ 32. Rd2 Rxd2+ 33. Kxd2 e6 34. dxe6+ Kxe6 35. Kd3 Kd5 36.
f4 f5 37. b4 h6 38. g3 h5 39. h4 b5 40. Kc3 Ke4 0-1

[Event "Early-Titled-Tuesday-Blitz-September-12-2023"]
[Site "Chess.com"]
[Date "2023.09.12"]
[Round "8"]
[White "Zohid6"]
[Black "Smiechu"]
[Result "1-0"]
[WhiteElo "2736"]
[BlackElo "2478"]
[TimeControl "180+1"]
[EndTime "9:26:29 PDT"]
[Termination "Zohid6 won by checkmate"]

1. d4 Nf6 2. Nc3 d5 3. Bf4 c6 4.
e3 Bf5 5. Nf3 e6 6. Ne5 Nbd7 7. g4 Bg6 8. h4 h6 9. Nxg6 fxg6 10. Bd3 Kf7 11. Qf3 Bb4 12. Ke2 Ke7 13.
Bxg6 Bxc3 14. bxc3 Qa5 15. g5 hxg5 16. hxg5 Ne4 17. Bxe4 dxe4 18. Qxe4 Qxc3 19. Qd3 Qa5 20. Rh7 Rag8 21. Rb1 b6 22. Rxh8 Rxh8 23. Qg6 Rg8 24.
Qh7 Kf8 25. Bd6+ Kf7 26. g6+ Kf6 27. Qh4+ Kxg6 28. Rg1+ Kf7 29. Qe7# 1-0

[Event "Early-Titled-Tuesday-Blitz-September-12-2023"]
[Site "Chess.com"]
[Date "2023.09.12"]
[Round "8"]
[White "AradNazari"]
[Black "AlexanderL"]
[Result "1/2-1/2"]
[WhiteElo "2741"]
[BlackElo "2862"]
[TimeControl "180+1"]
[EndTime "9:26:30 PDT"]
[Termination "Game drawn by repetition"]

1. e4 e5 2. f4 exf4 3. Nf3 Nf6 4.
e5 Nh5 5. d4 d5 6. c4 c6 7. Nc3 Bb4 8. Rg1 O-O 9. g4 fxg3 10.
hxg3 Bg4 11. Be2 dxc4 12. Be3 Nd7 13. Ng5 Bxe2 14. Qxe2 g6 15. g4 Ng7 16. Qh2 h5 17. gxh5 Nxh5 18. Ne6 Bxc3+ 19. bxc3 Qa5 20. Bd2 Rfe8 21. Qxh5 Rxe6 22. Qh6 Nxe5 23. dxe5 Rxe5+ 24. Kd1 Qa4+ 25. Kc1 Qa3+ 26. Kc2 Qa4+ 27. Kc1 Qa3+ 28. Kc2 Qa4+ 29. Kc1 1/2-1/2

[Event "Early-Titled-Tuesday-Blitz-September-12-2023"]
[Site "Chess.com"]
[Date "2023.09.12"]
[Round "8"]
[White "Let_it_be_1"]
[Black "Payyappat"]
[Result "1-0"]
[WhiteElo "2657"]
[BlackElo "2491"]
[TimeControl "180+1"]
[EndTime "9:26:41 PDT"]
[Termination "Let_it_be_1 won by resignation"]

1. e4 c6 2. d4 d5 3. Nd2 dxe4 4.
Nxe4 Nf6 5. Nxf6+ exf6 6. c3 Bd6 7. Bd3 O-O 8. Ne2 Re8 9. Qc2 h5 10. Be3 Nd7 11. O-O-O Nf8 12. c4 Be6 13. Nc3 Bb4 14. Ne4 Be7 15. Kb1 Rc8 16. Nc5 b6 17. Nxe6 Nxe6 18.
Bh7+ Kh8 19. Bf5 Nf8 20. Bxc8 Qxc8 21. d5 Bd6 22. dxc6 Qxc6 23. Rd5 g6 24. Rhd1 Be5 25. Rd8 Ne6 26. Rxe8+ Qxe8 27. Qe4 Qa4 28. Qd3 Qb4 29.
Qc2 f5 30. g3 a5 31. a3 Qe7 32. Bxb6 Qb7 33. Be3 a4 34. c5 Qc6 35. f4 Bf6 36. Rd6 Qf3 37. Qd3 Qg2 38. Bc1 Nxc5 39. Qc2 1-0